Description

Build order based on AGOElazer's game

Replay - AGOElazer v llllllllllll: Game 1 - Winter's Gate LE

Build Order

Get SALT Encoding   

  12  0:00  Drone  
  13  0:12  Overlord  
  13  0:17  Drone  
  14  0:31  Drone x2  
  16  0:48  Hatchery  
  15  0:51  Drone x2  
  17  0:58  Drone  
  18  1:09  Extractor  
  17  1:13  Spawning Pool  
  17  1:17  Drone x2  
  18  1:29  Drone  
  21  1:55  Hatchery  
  21  2:01  Queen, Roach Warren  
  21  2:08  Overlord  
  24  2:36  Queen  
  24  2:41  Roach x2  
  30  2:50  Metabolic Boost  
  30  2:54  Overlord  
  32  3:15  Queen  
  39  3:33  Overlord  
  39  3:38  Hatchery  
  38  3:45  Overlord  
  41  3:56  Queen  
  44  4:03  Spore Crawler x2  
  47  4:43  Queen  
  54  5:08  Spore Crawler  
  65  5:38  Queen  
  74  6:03  Lair  
  74  6:05  Extractor x3, Evolution Chamber  
  74  6:10  Zergling x4  
  74  6:18  Hatchery  
  79  6:36  Extractor x2  
  79  6:38  Zergling x4  
  87  7:02  Hydralisk Den  
  87  7:03  Zerg Missile Weapons Level 1  
  87  7:05  Roach x7  
  87  7:06  Glial Reconstitution  
  100  7:10  Infestation Pit  
  100  7:12  Overseer  
  107  7:25  Spore Crawler  
  112  7:44  Extractor  
  112  7:45  Muscular Augments  
  112  7:47  Hive  
  112  7:50  Hydralisk x4  
  113  7:53  Ravager x5  
  113  7:56  Hydralisk x2  
  127  8:00  Extractor  
  127  8:01  Hydralisk x4  
  138  8:14  Roach  
  150  8:28  Lurker Den  
  165  8:56  Grooved Spines  
  176  9:11  Seismic Spines  
  176  9:12  Hatchery  
  183  9:28  Zergling x12  
  199  9:55  Lurker  
  195  10:03  Lurker x4  
  200  10:10  Lurker  
  190  10:22  Lurker x3  
Spawning Tool Build Advisor. Get it on Overwolf

Go to:

Details

  • Created by: Dossyk
  • Published on: Nov 30, 2019
  • Modified on: Nov 30, 2019
  • Patch: 4.11.0
Show
View Real Time Build Order
Export as new Build Order

Comments (0)

There are no comments. Be the first!

Create an account to comment!